 Dungeon Crawl Stone Soup version 0.26.0-10-g1f06aea511 (webtiles) character file.

Game seed: 11759895796483365264

47 Goblin1989 the Skirmisher (level 3, -3/33 HPs)
             Began as a Ghoul Fighter on Jan 24, 2021.
             Slain by Robin
             ... wielding a +0 vorpal trident
              (7 damage)
             ... on level 2 of the Dungeon.
             The game lasted 00:01:50 (1030 turns).

Goblin1989 the Skirmisher (Ghoul Fighter)           Turns: 1030, Time: 00:01:50

Health: -3/33      AC:  6    Str: 20    XL:     3   Next: 70%
Magic:  2/2        EV:  7    Int:  3    God:
Gold:   35         SH:  8    Dex:  8    Spells: 2/2 levels left

rFire    . . .     SeeInvis .     - Unarmed
rCold    + . .     Faith    .   b - +0 kite shield
rNeg     + + +     Spirit   .   a - +0 scale mail
rPois    ∞         Reflect  .   (no helmet)
rElec    .         Harm     .   (no cloak)
rCorr    .         Rampage  .   (no gloves)
Will     .....                  (no boots)
Stlth    ..........             (no amulet)
HPRegen  0.00/turn              (no ring)
MPRegen  0.08/turn              (no ring)

@: no status effects
A: claws 1, cold resistance 1, negative energy resistance 3, inhibited
regeneration, torment resistance, unbreathing
a: no special abilities


You were on level 2 of the Dungeon.
You visited 1 branch of the dungeon, and saw 2 of its levels.

You collected 35 gold pieces.

Inventory:

Armour
 a - a +0 scale mail (worn)
 b - a +0 kite shield (worn)
 h - a +1 pair of gloves
Jewellery
 n - an uncursed ring of poison resistance {unknown}
Scrolls
 d - a scroll of magic mapping {unknown}
 f - 2 scrolls of fear {unknown}
 g - 3 scrolls of remove curse {unknown}
 k - 2 scrolls of teleportation {unknown}
 l - a scroll of noise {unknown}
 m - a scroll of amnesia {unknown}
Potions
 c - 2 potions of might {@q4}
 e - a potion of ambrosia {unknown}
 i - a potion of degeneration {unknown}
 j - a potion of invisibility {unknown}
 o - a potion of magic {unknown}


   Skills:
 + Level 3.7 Fighting
 + Level 3.0 Armour
 + Level 3.0 Shields
 * Level 3.2 Unarmed Combat


You had 2 spell levels left.
You didn't know any spells.
Your spell library was empty.

Dungeon Overview and Level Annotations

Branches:
Dungeon (2/15)

Altars:

Annotations:
D:2 Robin


Innate Abilities, Weirdness & Mutations

You thrive by killing the living.
You are immune to poison.
You have sharp fingernails.
Your flesh is cold resistant. (rC+)
You are immune to negative energy. (rN+++)
You do not regenerate when monsters are visible.
You are immune to unholy pain and torment.
You can survive without breathing.


Message History

You feel better.
Health restored: 33 No target in view!
No target in view!
No target in view!
No target in view!
No target in view!
No target in view!
No target in view!
No target in view!
No target in view!
No target in view!
You now have 35 gold pieces (gained 8).
You see here a frilled lizard corpse.
o - a fuming blue potion
Found a chain mail.
A rat and a goblin come into view.
The goblin shouts!
A goblin comes into view. It is wielding a +0 club.
The rat moves out of view.
You see here a scroll labelled YGGADE IPIA.
There are monsters nearby! 3 goblins and Robin come into view.
Robin is wielding a +0 vorpal trident.
Robin shouts!
The goblin shouts! x2
Robin roars a battlecry!
The goblins go into a battle-frenzy!
A goblin comes into view.
The goblin moves out of view.
A goblin comes into view. It is wielding a +0 spear.
The goblin shouts!
Robin throws the goblin at you! The rat barely misses you.
You closely miss the goblin. The goblin barely misses you.
The rat bites you but does no damage.
A goblin comes into view. It is wielding a +0 dagger.
The goblin shouts!
You claw the goblin!
You kill the goblin!
The goblin hits you but does no damage. Robin throws the goblin at you!
You block the rat's attack.
The goblin unwields a +0 dagger.
The goblin wields a +0 hunting sling.
The goblin shoots a stone.
The stone hits you but does no damage. The goblin barely misses you.
Your shield prevents you from hitting the goblin.
You block the goblin's attack. Robin throws the goblin at you!
The rat closely misses you. The goblin hits you but does no damage.
The goblin hits you.
You scratch the goblin.
The goblin is moderately wounded.
You block the goblin's attack. The goblin barely misses you.
The rat barely misses you. You block the goblin's attack. x2
You closely miss the goblin.
The goblin is moderately wounded.
The goblin hits you with a +0 spear. The rat bites you but does no damage.
The goblin hits you but does no damage. The goblin closely misses you.
The goblin hits you with a +0 spear.
You barely miss the goblin.
The goblin is moderately wounded.
The goblin hits you with a +0 club. You block the goblin's attack.
The rat bites you. The goblin completely misses you.
The goblin closely misses you. The goblin hits you with a +0 spear.
You claw the goblin!
You kill the goblin!
You feel better. You block the goblin's attack.
The goblin hits you but does no damage. The rat bites you but does no damage.
You block the goblin's attack.
Robin drinks a potion.
Robin seems to grow stronger.
The goblin hits you with a +0 spear.
You barely miss the goblin. You block the goblin's attack.
You block the rat's attack. The goblin barely misses you. The goblin hits you.
The goblin hits you with a +0 spear. Robin hits you but does no damage.
The goblin barely misses you.
You take 15 damage, and have 18/33 hp.
MASSIVE DAMAGE!!
Unknown command.
You closely miss the goblin. You block the rat's attack.
The goblin hits you with a +0 club. The goblin hits you but does no damage.
The goblin hits you with a +0 spear.
* * * LOW HITPOINT WARNING * * *
The goblin hits you but does no damage. Robin throws the goblin at you!
You take 5 damage, and have 13/33 hp.
You scratch the goblin.
You kill the goblin!
You feel better.
The goblin no longer looks unusually strong.
The goblin hits you with a +0 dagger.
* * * LOW HITPOINT WARNING * * *
You block the rat's attack. The goblin hits you but does no damage.
You block the goblin's attack.
A rat comes into view.
Robin throws the goblin at you! The goblin hits you.
* * * LOW HITPOINT WARNING * * *
You take 6 damage, and have 7/33 hp.
You scratch the goblin.
You kill the goblin!
You feel better.
The goblin no longer looks unusually strong.
The goblin hits you but does no damage. You block the rat's attack.
The goblin hits you with a +0 spear.
* * * LOW HITPOINT WARNING * * *
The goblin hits you.
* * * LOW HITPOINT WARNING * * *
Robin hits you from afar with a +0 vorpal trident!
You die...

█..█ ██.██.███ █...█
█..██.█ ..█..███.█.██.█
...█.█[..██.██.█
█..█.█..█ █.██.██ █
█....█ █.██..█
█.█...?███.██..█
█..?gg)....██..█
███.g@███████..█
█.gr███████..█
█.g.<........█
█r..███████..█ ....█
█..█ ...█.█ █..███████
......███████.........
.............█..███████
..........█


You could see Robin (strong), 4 goblins and 2 rats.

Vanquished Creatures
  2 adders (D:2)
  A dart slug (D:2)
  A leopard gecko (D:1)
  4 bats
  7 goblins (D:2)
  3 hobgoblins
  3 jackals (D:2)
  3 frilled lizards
  2 kobolds (D:2)
  A rat (D:1)
27 creatures vanquished.

Notes
Turn   | Place    | Note
-------+----------+-------------------------------------------
     0 | D:1      | Goblin1989 the Ghoul Fighter began the quest for the Orb.
     0 | D:1      | Reached XP level 1. HP: 19/19 MP: 0/0
   365 | D:1      | Reached XP level 2. HP: 24/26 MP: 1/1
   656 | D:2      | Reached XP level 3. HP: 26/31 MP: 2/2
  1018 | D:2      | Noticed Robin
  1030 | D:2      | Slain by Robin

Illustrated notes

Levels and vault maps discovered:
D:1:      dpeg_arrival_erosion, layout_rooms
D:2:      layout_loops_ring, grunt_temple_overflow_cloverleaf, uniq_robin,
          uniq_sigmund

Skill      XL: |  1  2  3 |
---------------+----------+-----
Armour         | 3 |  3.0
Shields        | 3 |  3.0
Unarmed Combat | 3 |  3.2
Fighting       | |  3.7

Action                   || total
-------------------------++-------
Melee: Unarmed           ||    94
Armor: Scale mail        ||    52
Dodge: Dodged            ||    32
Block: Kite shield       ||    49
